 Dungeon Crawl Stone Soup version 0.31-a0-1611-g890cdf5628 (webtiles) character file.

Game seed: 9965317470111164639

1613 avis the Nimble (level 8, -1/43 HPs)
             Began as a Felid Warper on Jan 9, 2024.
             Was an Initiate of Gozag.
             Slain by a troll (4 damage)
             ... on level 6 of the Dungeon.
             The game lasted 00:38:37 (6194 turns).

avis the Nimble (Felid Warper)                      Turns: 6194, Time: 00:38:37

Health: -1/43      AC:  2    Str:  9    XL:     8   Next: 64%
Magic:  0/12       EV: 24    Int: 16    God:    Gozag
Gold:   672        SH:  0    Dex: 17    Spells: 5/11 levels left
                                        Lives:  0   Deaths: 3

rFire   . .          .
                       - Unarmed
rCold   . . .        (shield unavailable)
rNeg    . . .        (body armour unavailable)
rPois   .            (helmet unavailable)
rElec   .            (cloak unavailable)
rCorr   +            (gloves unavailable)
SInv    +            (boots unavailable)
Will    +....        f - amulet of guardian spirit
Stlth   ++           b - ring of resist corrosion
HPRegen 0.27/turn    c - ring of flight
MPRegen 0.13/turn

%: guardian spirit
@: flying
A: very small, claws 1, fangs 3, see invisible, shaggy fur 2, stealthy paws, no
weapons or thrown items, no armour, multi-lived
a: Renounce Religion, Potion Petition, Call Merchant, Bribe Branch


You were on level 6 of the Dungeon.
You worshipped Gozag.
Gozag was pleased with you.
You visited 2 branches of the dungeon, and saw 7 of its levels.

You collected 715 gold pieces.
You paid 43 gold pieces to Gozag.

Inventory:

Jewellery
 b - a ring of resist corrosion (left paw)
 c - a ring of flight (right paw)
 f - an amulet of guardian spirit (around neck)
Talismans
 G - a granite talisman
Scrolls
 d - 2 scrolls of identify {unknown}
 e - a scroll of amnesia {unknown}
 i - a scroll of butterflies {unknown}
 j - a scroll of immolation
 k - 2 scrolls of teleportation
Potions
 g - a potion of resistance {unknown}
 h - 2 potions of attraction {unknown}
 l - a potion of heal wounds {unknown}


   Skills:
 - Level 5.0 Fighting
 * Level 10.2 Dodging
 - Level 5.0 Unarmed Combat
 - Level 2.0 Spellcasting
 - Level 8.0 Translocations


You had 5 spell levels left.
You knew the following spells:

 Your Spells              Type           Power      Damage    Failure   Level
b - Blink                 Tloc           54%        N/A       1%          2
m - Manifold Assault      Tloc           27%        N/A       8%          4

Your spell library contained the following spells:

 Spells                   Type           Power      Damage    Failure   Level
 Lesser Beckoning         Tloc           54%        N/A       1%          2
 Teleport Other           Tloc           27%        N/A       2%          3
 Vhi's Electric Charge    Tloc/Air       28%        N/A       36%         4
 Arcjolt                  Conj/Air       0%         1d10      99%         5
 Plasma Beam              Fire/Air       0%         2x1d10    100%        6


Dungeon Overview and Level Annotations

Branches:
Dungeon (6/15)             Temple (1/1) D:4

Altars:
Ashenzari
Dithmenos
Elyvilon
Fedhas
Gozag
Hepliaklqana
Kikubaaqudgha
Makhleb
Okawaru
Qazlal
Ru
Trog
Vehumet
Xom
Yredelemnul
Zin
The Shining One

Shops:
D:5 (

Annotations:
D:3 1 runed translucent door, exclusion: door, Crazy Yiuf, Grinder
D:6 exclusion: orc priest


Innate Abilities, Weirdness & Mutations

You have sharp claws.
You have razor-sharp teeth.
You have supernaturally acute eyesight. (SInv)
You are covered in thick fur. (AC +2)
Your paws help you pounce on unaware monsters.
You are incapable of wielding weapons or throwing items.
You cannot wear armour.
You gain extra lives every three experience levels.


Message History

You scratch the troll.
The troll is heavily wounded.
The troll closely misses you. The troll completely misses you.
The troll closely misses you.
You claw the troll!
The troll is severely wounded.
The troll completely misses you. The troll closely misses you.
The troll completely misses you.
You barely miss the troll.
The troll is severely wounded.
The troll completely misses you. The troll claws you! The troll misses you.
You scratch the troll.
The troll is severely wounded.
The troll bites you!
* * * LOW HITPOINT WARNING * * *
The troll claws you!
* * * LOW HITPOINT WARNING * * *
The troll claws you.
* * * LOW HITPOINT WARNING * * *
You barely miss the troll. You bite the troll, but do no damage.
The troll is severely wounded.
The troll completely misses you. The troll misses you.
The troll completely misses you.
You feel better. The troll bites you.
* * * LOW HITPOINT WARNING * * *
The troll completely misses you. The troll misses you.
You closely miss the troll.
The troll is severely wounded.
The troll closely misses you. The troll barely misses you.
The troll claws you but does no damage.
You barely miss the troll.
The troll is severely wounded.
The troll completely misses you. The troll closely misses you. x2
Okay, then.
Okay, then.
You scratch the troll.
The troll is severely wounded.
The troll completely misses you. The troll claws you.
You die...
Your body crumbles into a pile of gold.

........#..#....#
........##'#....+
................#
...........#####
#........'...#
#........#...#
#........#####
#....#'###..##..
#>...#..@T......
#....#..........
#....#..........
#
#....#..##..##..
..#######....#..#
..# .
.........<...#...
....
.....<.......#...
.##.
.............#..#
.# .............#


You could see a troll.

Vanquished Creatures
  Pikel (D:4)
  Prince Ribbit (D:5)
  Eustachio (D:4)
  2 ice beasts
  An ogre (D:4)
  A phantom (D:4)
  A scorpion (D:4)
  A howler monkey (D:5)
  A bombardier beetle (D:4)
  A hound (D:5)
  A jelly (D:5)
  A sleepcap (D:5)
  2 iguanas (D:5)
  2 orc wizards (D:4)
  6 adders
  5 gnolls
  4 ribbon worms
  9 orcs
  11 ball pythons
  8 endoplasms
  4 giant cockroaches
  7 goblins
  5 hobgoblins
  13 kobolds
  9 quokkas
  6 bats
  3 frilled lizards (D:2)
  7 rats
114 creatures vanquished.

Notes
Turn   | Place    | Note
-------+----------+-------------------------------------------
     0 | D:1      | avis the Felid Warper began the quest for the Orb.
     0 | D:1      | Reached XP level 1. HP: 11/11 MP: 4/4
     2 | D:1      | Noticed a demonspawn
     2 | D:1      | Noticed an elf
     4 | D:1      | Noticed a felid
     4 | D:1      | Noticed a gargoyle
     6 | D:1      | Noticed a ghoul
     8 | D:1      | Noticed a tengu
     8 | D:1      | Noticed an oni
    10 | D:1      | Noticed a demigod
    10 | D:1      | Noticed a minotaur
    12 | D:1      | Noticed a vampire
    12 | D:1      | Noticed a draconian
    14 | D:1      | Noticed a naga
    14 | D:1      | Noticed an armataur
    18 | D:1      | Noticed a barachi
    20 | D:1      | Noticed a human
    20 | D:1      | Noticed a troll
    22 | D:1      | Noticed an octopode
    22 | D:1      | Noticed a spriggan
    24 | D:1      | Noticed a djinni
    24 | D:1      | Noticed a vine stalker
    26 | D:1      | Noticed a merfolk
    26 | D:1      | Noticed a formicid
   109 | D:1      | Reached skill level 4 in Dodging
   112 | D:1      | Reached XP level 2. HP: 8/15 MP: 6/6
   119 | D:1      | Learned a level 2 spell: Blink
   601 | D:1      | Reached skill level 5 in Dodging
   636 | D:1      | Reached XP level 3. HP: 9/18 MP: 7/7
  1530 | D:2      | Reached skill level 6 in Dodging
  1734 | D:2      | Reached XP level 4. HP: 17/23 MP: 5/8
  1734 | D:2      | Gained a life (2 lives remaining)
  1808 | D:2      | HP: 1/23 [gnoll/+0 flail (10)]
  2514 | D:3      | Found a runed translucent door.
  2515 | D:3      | Noticed Crazy Yiuf
  2569 | D:3      | Found an opulent altar of Gozag.
  2577 | D:3      | Became a worshipper of Gozag Ym Sagoz the Greedy
  2707 | D:3      | Reached XP level 5. HP: 28/28 MP: 9/9
  2868 | D:3      | Noticed Grinder
  2900 | D:3      | Found a white marble altar of Elyvilon.
  3388 | D:4      | Noticed an ogre
  3471 | D:4      | HP: 1/28 [orc wizard/puff of flame (7)]
  3475 | D:4      | Killed from afar by an orc wizard
  3475 | D:4      | Lost a life (1 life remaining)
  3563 | D:4      | Found a staircase to the Ecumenical Temple.
  3608 | Temple   | Entered the Ecumenical Temple
  3691 | D:4      | Killed an ogre
  3692 | D:4      | Gained mutation: You are covered in thick fur. (AC +2)
                  | [Felid growth]
  3692 | D:4      | Reached XP level 6. HP: 35/35 MP: 10/10
  3744 | D:4      | Found a basalt altar of Yredelemnul.
  4085 | D:4      | Learned a level 4 spell: Manifold Assault
  4165 | D:5      | Entered Level 5 of the Dungeon
  4167 | D:5      | Noticed Pikel
  4195 | D:4      | HP: 1/52 [Pikel/+0 whip of freezing (6)]
  4195 | D:4      | Slain by Pikel
  4195 | D:4      | Lost a life (0 lives remaining)
  4217 | D:4      | Killed Pikel
  4218 | D:4      | Reached skill level 5 in Fighting
  4218 | D:4      | Reached skill level 9 in Dodging
  4218 | D:4      | Reached XP level 7. HP: 39/39 MP: 11/11
  4218 | D:4      | Gained a life (1 life remaining)
  4718 | D:5      | Found an ancient bone altar of Kikubaaqudgha.
  4731 | D:5      | Found a stormy altar of Qazlal.
  4754 | D:5      | Noticed Eustachio
  4756 | D:5      | Noticed Prince Ribbit
  4783 | D:4      | Reached skill level 5 in Unarmed Combat
  4783 | D:4      | Reached skill level 5 in Translocations
  4783 | D:4      | Reached XP level 8. HP: 41/43 MP: 12/12
  5052 | D:5      | Slain by Prince Ribbit
  5052 | D:5      | Lost a life (0 lives remaining)
  5053 | D:5      | Found Docush's Weapon Shoppe.
  5149 | D:5      | Killed Prince Ribbit
  5567 | D:4      | Killed Eustachio
  6070 | D:6      | Reached skill level 10 in Dodging
  6177 | D:6      | Noticed a troll
  6189 | D:6      | HP: 2/43 [troll (3)]
  6194 | D:6      | Slain by a troll

Illustrated notes

Levels and vault maps discovered:
D:1:      kb_arrival_jail, layout_loops_ring
D:2:      layout_basic, minmay_circle_x
D:3:      layout_basic, nicolae_elyvilon_temple_path, grunt_gozag_statues,
          uniq_grinder, uniq_crazy_yiuf_cottage
D:4:      layout_basic, kennysheep_mini, minmay_temple_entry_large_hall
D:5:      layout_rooms, amethyst_overflow_temple_binary,
          minmay_shop_grid_forest, st_stairs_10, uniq_pikel, uniq_eustachio,
          uniq_prince_ribbit1
D:6:      layout_gridville
Temple:   nicolae_temple_no_exploring_needed

Skill      XL: |  1  2  3  4  5  6  7  8 |
---------------+-------------------------+-----
Dodging        | 4 5 6 9 10 | 10.2
Fighting       | 3 4 5 |  5.0
Unarmed Combat | 3 5 |  5.0
Translocations | 5 8 |  8.0
Spellcasting   | |  2.0

Action                     |  1- 3 |  4- 6 |  7- 9 || total
---------------------------+-------+-------+-------++-------
  Melee: Unarmed           |   177 |   241 |   223 ||   641
         Bite              |    17 |    38 |    38 ||    93
         Punch             |     2 |     7 |     7 ||    16
    Use: Scroll            |       |     3 |       ||     3
         Potion            |       |     5 |     1 ||     6
   Stab: Sleeping          |     1 |     2 |     1 ||     4
         Distracted        |       |       |     1 ||     1
 Armour: Skin              |    42 |    81 |    75 ||   198
  Dodge: Dodged            |   129 |   197 |   241 ||   567

Table legend: (Time is in decaauts)
 A = Elapsed time spent in this place.
 B = Non-inter-level travel time spent in this place.
 C = Inter-level travel time spent in this place.
 D = Time resting spent in this place.
 E = Time spent auto-exploring this place.
 F = Levels seen in this place.
 G = Mean time per level.
                   A        B        C        D        E       F      G
               +--------+--------+--------+--------+--------+-----+--------+
         Total |   6177 |   5616 |    561 |   1577 |   2056 |   7 |  882.4 |
       Dungeon |   6173 |   5612 |    561 |   1577 |   2056 |   6 | 1028.8 |
        Temple |      3 |      3 |      0 |      0 |      0 |   1 |    3.0 |
               +--------+--------+--------+--------+--------+-----+--------+

Top non-repeatable levels by time:
     D:4: 1613 daAuts
     D:1: 1154 daAuts
     D:2: 1126 daAuts
     D:5: 1076 daAuts
     D:3: 1010 daAuts
     D:6: 191 daAuts
  Temple: 3 daAuts
